 Dungeon Crawl Stone Soup version 0.28.0-49-g6dfe1f597d (webtiles) character file.

Game seed: 9172446704793685957

330 pkoi the Conjurer (level 6, -7/45 HPs)
             Began as a Demigod Conjurer on May 12, 2022.
             Shot with an arrow by a centaur (8 damage)
             ... on level 5 of the Dungeon.
             The game lasted 00:06:06 (5774 turns).

pkoi the Conjurer (Demigod Conjurer)                Turns: 5774, Time: 00:06:06

Health: -7/45      AC:  4    Str:  8    XL:     6   Next: 4%
Magic:  12/12      EV: 12    Int: 28    God:
Gold:   231        SH:  0    Dex: 12    Spells: 2/9 levels left

rFire   + . .      SeeInvis .   i - staff of conjuration
rCold   + . .      Faith    .   (no shield)
rNeg    . . .      Spirit   .   a - +0 robe
rPois   .          Reflect  .   h - +1 helmet
rElec   .          Harm     .   g - scarf {rC+ rF+}
rCorr   .          Rampage  .   (no gloves)
Will    .....                   (no boots)
Stlth   +.........              (no amulet)
HPRegen 0.15/turn               (no ring)
MPRegen 0.13/turn               (no ring)

@: confused, brilliant
A: high MP 1, forlorn, divine attributes
a: no special abilities


You were on level 5 of the Dungeon.
You visited 1 branch of the dungeon, and saw 5 of its levels.

You collected 231 gold pieces.

Inventory:

Hand Weapons
 e - a +4 trident
Armour
 a - a +0 robe (worn)
 g - a scarf of resistance (worn)
 h - a +1 helmet (worn)
Magical Staves
 i - a staff of conjuration (weapon)
 j - a staff of cold
Wands
 k - a wand of mindburst (10)
 l - a wand of acid (3)
 n - a wand of polymorph (6)
Scrolls
 c - a scroll of enchant armour
Potions
 b - 2 potions of haste
 f - a potion of curing


   Skills:
 - Level 1.7 Dodging
 - Level 1.7 Stealth
 + Level 2.1 Spellcasting
 * Level 6.8 Conjurations


You had 2 spell levels left.
You knew the following spells:

 Your Spells              Type           Power      Damage    Failure   Level
a - Magic Dart            Conj           100%       1d8       1%          1
b - Searing Ray           Conj           100%       2d8       1%          2
c - Iskenderun's Mystic   Conj/Tloc      49%        2d11      22%         4

Your spell library contained the following spells:

 Spells                   Type           Power      Damage    Failure   Level
 Dazzling Flash           Conj/Hex       98%        N/A       7%          3
 Fulminant Prism          Conj/Hex       24%        3d13      22%         4


Dungeon Overview and Level Annotations

Branches:
Dungeon (5/15)
 Temple: D:4-7

Shops:
D:4 !

Annotations:
D:2 1 runed translucent door, Crazy Yiuf


Innate Abilities, Weirdness & Mutations

You have an increased reservoir of magic. (+10% MP)
You shall have no god before yourself.
Your divine heritage dramatically boosts your attributes as you level up.


Message History

The centaur wields a +0 shortbow.
The centaur shoots an arrow.
The arrow misses you.
The centaur shoots an arrow.
The arrow hits you!
* * * LOW HITPOINT WARNING * * *
You are too injured to fight recklessly!
You are too injured to fight recklessly!
Unknown command.
You start resting.
HP restored.
You start waiting.
A centaur is nearby!
The centaur wields a +0 shortbow.
The centaur shoots an arrow.
The arrow hits you!
* * * LOW HITPOINT WARNING * * *
The centaur zaps a wand.
Your will is overpowered!
You are confused.
You are too injured to fight recklessly!
You are too injured to fight recklessly!
Unknown command.
You're too confused to cast spells.
You're too confused to cast spells.
Unknown command.
The centaur zaps a wand.
You resist with some effort.
The centaur zaps a wand.
Your will is overpowered!
You are more confused.
The centaur shoots an arrow.
The arrow hits you but does no damage.
The centaur shoots an arrow.
The arrow hits you.
* * * LOW HITPOINT WARNING * * *
You're too confused to move!
The centaur shoots an arrow.
The arrow hits you.
* * * LOW HITPOINT WARNING * * *
The centaur shoots an arrow.
The arrow hits you.
* * * LOW HITPOINT WARNING * * *
The centaur shoots an arrow.
The arrow hits you!
* * * LOW HITPOINT WARNING * * *
Unknown command.
It was a potion of brilliance.
You feel clever all of a sudden.
The centaur shoots an arrow.
The arrow hits you!
* * * LOW HITPOINT WARNING * * *
The centaur shoots an arrow.
The arrow hits you!
You die...

.......... #....
#.......... #..##
##.....≈≈≈...# #'###
#......≈. .....##..##
+......# ...........
#......# ........... #.
#..# ########.###
.##..##..####.##...###.###
.........@.....#.......#..
...........c...#.....##..#
.###.#..#.##...#...###8..8
######.##+.##...##...>.
#............#.....
#............##8..8
#............###..#
#..#..##>...##...#.
#####'##....##..###


You could see a centaur.

Vanquished Creatures
  An ogre (D:5)
  A phantom (D:5)
  A hound (D:4)
  A jelly (D:4)
  Terence (D:2)
  A hound skeleton (D:2)
  3 adders
  A white imp (D:5)
  2 orcs
  4 endoplasms
  4 giant cockroaches
  2 goblins
  5 hobgoblins
  A quokka (D:1)
  2 ball pythons (D:3)
  2 bats (D:3)
  2 frilled lizards (D:2)
  2 kobolds
  10 rats
46 creatures vanquished.

Vanquished Creatures (others)
  A bush (D:5)
1 creature vanquished.

Grand Total: 47 creatures vanquished

Notes
Turn   | Place    | Note
-------+----------+-------------------------------------------
     0 | D:1      | pkoi the Demigod Conjurer began the quest for the Orb.
     0 | D:1      | Reached XP level 1. HP: 14/14 MP: 5/5
   956 | D:1      | Reached skill level 4 in Conjurations
  1435 | D:2      | Reached XP level 2. HP: 19/20 MP: 7/7
  1510 | D:2      | Learned a level 2 spell: Searing Ray
  1563 | D:2      | Found a runed translucent door.
  1564 | D:2      | Noticed Crazy Yiuf
  2264 | D:2      | Reached XP level 3. HP: 26/26 MP: 5/8
  2546 | D:2      | Noticed Terence
  2550 | D:2      | Killed Terence
  2551 | D:2      | Reached skill level 5 in Conjurations
  3667 | D:3      | Reached XP level 4. HP: 33/33 MP: 7/9
  3697 | D:3      | Noticed an angel
  4325 | D:4      | Found Qajuq's Distillery.
  4811 | D:5      | Entered Level 5 of the Dungeon
  4869 | D:5      | Reached skill level 6 in Conjurations
  4869 | D:5      | Reached XP level 5. HP: 36/38 MP: 4/10
  5275 | D:5      | Learned a level 4 spell: Iskenderun's Mystic Blast
  5299 | D:5      | Noticed an ogre
  5313 | D:5      | Killed an ogre
  5314 | D:5      | Reached XP level 6. HP: 45/45 MP: 6/12
  5614 | D:5      | Identified a scroll of acquirement
  5614 | D:5      | Acquired a staff of conjuration
  5774 | D:5      | HP: 1/45 [centaur/arrow (10)]
  5774 | D:5      | Shot with an arrow by a centaur

Illustrated notes

Levels and vault maps discovered:
D:1:      dpeg_arrival_ratfight, layout_basic
D:2:      layout_basic, uniq_terence, uniq_crazy_yiuf_cottage
D:3:      layout_loops_ring, mainiacjoe_overflow_catwalk, amcnicky_altar_gilded,
          zin_angel, mainiacjoe_overflow_small_starburst
D:4:      layout_basic, ashenzari_conservatory_becter, grunt_qazlal_sundering,
          elyvilon_altar_1, tso_metal_star, serial_shops, nicolae_shop_crystal,
          minmay_misc_feat_rugged, minmay_misc_feat_five,
          kennysheep_generic_room_16
D:5:      layout_gridville, kb_lookout_dungeons_type, st_stairs_6,
          kennysheep_boxes, uniq_prince_ribbit1

Skill      XL: |  1  2  3  4  5 |
---------------+----------------+-----
Conjurations   | 4 5 6 |  6.8
Spellcasting   | 2 |  2.1
Dodging        | |  1.7
Stealth        | |  1.7

Action                   |  1- 3 |  4- 6 || total
-------------------------+-------+-------++-------
Melee: Trident           |     2 |       ||     2
 Cast: Magic Dart        |    66 |    38 ||   104
       Searing Ray       |     1 |     1 ||     2
  Use: Scroll            |     7 |     3 ||    10
       Potion            |     1 |     2 ||     3
Armor: Robe              |     1 |     3 ||     4
Dodge: Dodged            |     6 |     5 ||    11
